 Dungeon Crawl Stone Soup version 0.29-a0-584-gb10a8bf730 (webtiles) character file.

Game seed: 3148578292299234927

102 Nedwor the Slasher (level 4, -4/37 (38) HPs)
             Began as a Draconian Gladiator on June 15, 2022.
             Slain by a wight
             ... wielding a +1 mace of freezing
              (12 damage)
             ... on level 3 of the Dungeon.
             The game lasted 00:03:33 (2792 turns).

Nedwor the Slasher (Draconian Gladiator)            Turns: 2792, Time: 00:03:34

HP:   -4/37 (38)    AC:  6    Str: 16    XL:     4   Next: 49%
MP:   4/4           EV: 12    Int: 15    God:
Gold: 73            SH:  4    Dex: 14    Spells: 3/3 levels left

rFire   + . .      SeeInvis .   a - +0 long sword
rCold   . . .      Faith    .   v - +0 buckler
rNeg    . . .      Spirit   .   (body armour unavailable)
rPois   .          Reflect  .   b - +0 hat
rElec   .          Harm     .   (no cloak)
rCorr   .          Rampage  .   p - +0 pair of gloves
Will    .....                   (no boots)
Stlth   +.........              (no amulet)
HPRegen 0.12/turn               n - +6 ring of intelligence
MPRegen 0.09/turn               x - ring of protection from fire

@: slowed, lightly drained, very slow
A: AC +5, unfitting armour, cold-blooded
a: no special abilities


You were on level 3 of the Dungeon.
You visited 1 branch of the dungeon, and saw 3 of its levels.

You collected 73 gold pieces.

Inventory:

Hand Weapons
 a - a +0 long sword (weapon)
 z - the +5 whip of Foolhardiness {vamp, +Blink rF+ Int+4}
   (You found it on level 3 of the Dungeon)

   It occasionally heals its wielder for a portion of the damage dealt when it
   wounds a living foe.
   Int:       It affects your intelligence (+4).
   rF:        It protects you from fire.
   +Blink:    It lets you blink.
Missiles
 c - 3 throwing nets (quivered)
 d - a javelin
Armour
 b - a +0 hat (worn)
 p - a +0 pair of gloves (worn)
 v - a +0 buckler (worn)
Jewellery
 n - a +6 ring of intelligence (left hand)
 x - a ring of protection from fire (right hand)
 y - a ring of magical power
Wands
 q - a wand of flame (20)
Scrolls
 f - 5 scrolls of vulnerability {unknown}
 g - a scroll of silence {unknown}
 j - 2 scrolls of fear {unknown}
 k - 5 scrolls of identify {unknown}
 l - a scroll of enchant weapon {unknown}
 o - a scroll of immolation {unknown}
 r - 2 scrolls of noise {unknown}
 s - 4 scrolls of enchant armour {unknown}
Potions
 e - 4 potions of heal wounds {unknown}
 h - 2 potions of might {unknown}
 i - 3 potions of brilliance {unknown}
 m - a potion of flight {unknown}
 t - 2 potions of ambrosia {unknown}
 u - a potion of berserk rage {unknown}
 w - a potion of magic {unknown}


   Skills:
 + Level 3.1 Fighting
 * Level 4.2 Long Blades
 - Level 1.7 Throwing
 + Level 3.3 Dodging
 + Level 0.7 Shields


You had 3 spell levels left.
You didn't know any spells.
Your spell library contained the following spells:

 Spells                   Type           Power      Damage    Failure   Level
 Dazzling Flash           Conj/Hex       0%         N/A       73%         3
 Agony                    Necr           0%         N/A       100%        5
 Silence                  Hex/Air        0%         N/A       100%        5


Dungeon Overview and Level Annotations

Branches:
Dungeon (3/15)

Altars:


Innate Abilities, Weirdness & Mutations

Your plain brown scales are hard. (AC +5)
You cannot fit into any form of body armour.
You are cold-blooded and may be slowed by cold attacks.


Message History

No target in view!
No target in view!
Search for what [Enter for "shield", or ? for help]? weapon You see here a +0 dagger.
There is an open door here.
You see here the +5 whip of Foolhardiness {vamp, +Blink rF+ Int+4}.
z - the +5 whip of Foolhardiness {vamp, +Blink rF+ Int+4}
x - a ring of protection from fire (right hand)
An orc comes into view. It is wielding a +0 falchion.
You hit the orc.
Your tail-slap misses the orc.
The orc is heavily wounded.
The orc hits you with a +0 falchion. You block the orc's attack.
You completely miss the orc.
The orc is heavily wounded.
The orc hits you with a +0 falchion.
You hit the orc.
You kill the orc!
No target in view!
No target in view!
You see here a +0 falchion.
A wight comes into view. It is wielding a +1 mace of freezing.
A wight is nearby!
A wight is nearby!
A wight is nearby!
You closely miss the wight.
The wight hits you with a +1 mace of freezing!
You feel drained.
You feel yourself slow down. The wight freezes you.
You hit the wight but do no damage. You block the wight's attack.
The wight closely misses you.
You barely miss the wight.
You feel yourself speed up. The wight misses you.
The wight hits you with a +1 mace of freezing!
* * * LOW HITPOINT WARNING * * *
You feel yourself slow down. The wight freezes you.
* * * LOW HITPOINT WARNING * * *
You hit the wight.
The wight is moderately damaged.
The wight hits you with a +1 mace of freezing!
You die...

.......#####.#
...)...# #.#
.......#####.###
...............#
'###########.#.#
.............#.#
......########)#
......# #.######
......# #..@z..#
......# ######.#
......####
.........#
.........#
.........#
.#########
.......#
.......#


You could see a wight.

Vanquished Creatures
  2 adders (D:3)
  2 worms (D:2)
  2 dart slugs (D:3)
  5 orcs (D:3)
  4 ball pythons
  7 endoplasms
  2 giant cockroaches (D:2)
  4 goblins
  10 hobgoblins
  5 quokkas
  6 bats
  2 frilled lizards
  8 kobolds
  4 rats
63 creatures vanquished.

Notes
Turn   | Place    | Note
-------+----------+-------------------------------------------
     0 | D:1      | Nedwor the Draconian Gladiator began the quest for the Orb.
     0 | D:1      | Reached XP level 1. HP: 17/17 MP: 1/1
   169 | D:1      | Reached XP level 2. HP: 25/25 MP: 2/2
   785 | D:1      | Reached XP level 3. HP: 30/30 MP: 3/3
  2129 | D:3      | Reached skill level 4 in Long Blades
  2167 | D:3      | Reached XP level 4. HP: 31/37 MP: 4/4
  2723 | D:3      | Identified the +5 whip of Foolhardiness {vamp, +Blink rF+
                  | Int+4}
  2792 | D:3      | Slain by a wight

Illustrated notes

Levels and vault maps discovered:
D:1:      heliophobic_arrival_henge, layout_basic, lemuel_another_geyser
D:2:      layout_basic, kennysheep_generic_room_6
D:3:      layout_basic, biasface_ghost_orc_armoury, portal_sewer_entry_e

Skill      XL: |  1  2  3  4 |
---------------+-------------+-----
Dodging        | 3 |  3.3
Long Blades    | 4 |  4.2
Fighting       | 3 |  3.1
Throwing       | |  1.7
Shields        | |  0.7

Action                   |  1- 3 |  4- 6 || total
-------------------------+-------+-------++-------
Melee: Long sword        |    98 |    44 ||   142
       Tailslap          |     8 |     5 ||    13
       Punch             |     1 |       ||     1
 Stab: Sleeping          |     2 |       ||     2
Armor: Skin              |    28 |    21 ||    49
Dodge: Dodged            |    68 |    39 ||   107
Block: Buckler           |       |    17 ||    17

Table legend: (Time is in decaauts)
 A = Elapsed time spent in this place.
 B = Non-inter-level travel time spent in this place.
 C = Inter-level travel time spent in this place.
 D = Time resting spent in this place.
 E = Time spent auto-exploring this place.
 F = Levels seen in this place.
 G = Mean time per level.
                   A        B        C        D        E       F      G
               +--------+--------+--------+--------+--------+-----+--------+
         Total |   2829 |   2704 |    125 |      8 |   2271 |   3 |  943.0 |
       Dungeon |   2829 |   2704 |    125 |      8 |   2271 |   3 |  943.0 |
               +--------+--------+--------+--------+--------+-----+--------+

Top non-repeatable levels by time:
     D:2: 1077 daAuts
     D:1: 1032 daAuts
     D:3: 719 daAuts
